 Dungeon Crawl Stone Soup version 0.29-a0-919-gd064cfad1c (webtiles) character file.

Game seed: 1277975644212019218

46 IdlyInterested the Grave Robber (level 3, -1/26 HPs)
             Began as a Demonspawn Wanderer on July 26, 2022.
             Slain by Natasha (6 damage)
             ... on level 2 of the Dungeon.
             The game lasted 00:07:13 (1563 turns).

IdlyInterested the Grave Robber (DsWn)              Turns: 1563, Time: 00:07:13

Health: -1/26      AC:  4    Str: 10    XL:     3   Next: 44%
Magic:  5/6        EV: 11    Int: 16    God:
Gold:   75         SH:  0    Dex: 13    Spells: 5/6 levels left

rFire   . . .      SeeInvis .   a - +0 dagger (vorpal)
rCold   . . .      Faith    .   (no shield)
rNeg    . . .      Spirit   .   e - +0 robe
rPois   .          Reflect  .   (no helmet)
rElec   .          Harm     .   (no cloak)
rCorr   .          Rampage  .   i - +0 pair of gloves
Will    .....                   c - +0 pair of boots
Stlth   +.........              (no amulet)
HPRegen 0.08/turn               (no ring)
MPRegen 0.10/turn               (no ring)

@: no status effects
A: hooves 1
a: no special abilities


You were on level 2 of the Dungeon.
You visited 1 branch of the dungeon, and saw 2 of its levels.

You collected 75 gold pieces.

Inventory:

Hand Weapons
 a - a +0 vorpal dagger (weapon)
 l - a +0 short sword
Missiles
 b - 4 curare-tipped darts
Armour
 c - a +0 pair of boots (worn)
 e - a +0 robe (worn)
 h - a +0 scale mail
 i - a +0 pair of gloves (worn)
 p - a +0 ring mail
 q - a +0 chain mail
Jewellery
 g - a ring of positive energy
Scrolls
 d - 2 scrolls of blinking
 f - 5 scrolls of teleportation {unknown}
 m - a scroll of brand weapon {unknown}
 n - a scroll of enchant weapon {unknown}
Potions
 j - a potion of curing {unknown}
 k - a potion of resistance {unknown}
 o - a potion of cancellation {unknown}


   Skills:
 + Level 1.6 Fighting
 + Level 1.1 Short Blades
 - Level 3.0 Throwing
 - Level 1.0 Armour
 - Level 1.0 Dodging
 * Level 0.5 Stealth
 - Level 2.0 Spellcasting
 + Level 3.1 Necromancy


You had 5 spell levels left.
You knew the following spells:

 Your Spells              Type           Power      Damage    Failure   Level
a - Necrotise             Necr           44%        1d6       6%          1

Your spell library contained the following spells:

 Spells                   Type           Power      Damage    Failure   Level
 Vampiric Draining        Necr           11%        2d6       17%         3
 Sting                    Tmut/Pois      4%         1d3       21%         1
 Poisonous Vapours        Pois/Air       2%         N/A       30%         2
 Olgreb's Toxic Radiance  Pois           1%         N/A       90%         4


Dungeon Overview and Level Annotations

Branches:
Dungeon (2/15)

Altars:

Annotations:
D:2 Natasha


Innate Abilities, Weirdness & Mutations

You have large cloven feet.


Message History

You hit the quokka.
You kill the quokka!
Found a chain mail and a scroll labelled ATAVE ZOOFIQ.
You see here the +5 long sword "Conservator" {distort, rF- Str+5}.
q - the +5 long sword "Conservator" {distort, rF- Str+5}
f - 5 scrolls labelled ATAVE ZOOFIQ (gained 1)
Okay, then.
Okay, then.
You drop the +5 long sword "Conservator" {distort, rF- Str+5}.
You see here a +0 chain mail.
q - a +0 chain mail
Found 6 gold pieces.
Found an orange potion.
The helpless Natasha fails to defend herself.
You hit Natasha.
Natasha is moderately wounded.
Natasha claws you.
Your ball python skeleton crumbles into dust!
Your goblin skeleton crumbles into dust!
You closely miss Natasha.
Natasha is moderately wounded.
Natasha claws you.
You closely miss Natasha.
Natasha is moderately wounded.
Natasha mumbles some strange words.
You feel troubled. Natasha claws you.
You hit Natasha but do no damage.
Natasha is moderately wounded.
Natasha claws you.
You hit Natasha but do no damage.
Natasha is moderately wounded.
Natasha claws you.
* * * LOW HITPOINT WARNING * * *
Aiming: Necrotise (safe; 6% risk of failure)
Press: ? - help, Q - select action, (/) - cycle Shift-Dir - straight line, f - Natasha
Aim: Natasha (moderately wounded, chance to affect: 65%) Natasha struggles to resist.
Natasha claws you.
You die...

..............#.####.###.#
..............#.# #.# .#
##............#.# #.# ..
#............#.# #.#
#............#.# ..
#............#.# ..
####.#...#.###.#
#####.........#h####
.^...)..........@..#
###########........#
#...$....# #........#
#........# #........#
#!.......# #........#


You could see Natasha.

Vanquished Creatures
  A worm (D:2)
  A bat (D:1)
  2 endoplasms (D:1)
  2 giant cockroaches (D:1)
  3 goblins
  2 hobgoblins (D:1)
  8 jackals (D:1)
  4 quokkas
  2 ball pythons
  2 frilled lizards (D:1)
  2 kobolds (D:1)
  5 rats (D:1)
34 creatures vanquished.

Vanquished Creatures (collateral kills)
  A ball python (D:1)
  An endoplasm (D:1)
  A kobold (D:1)
  A rat (D:1)
4 creatures vanquished.

Grand Total: 38 creatures vanquished

Notes
Turn   | Place    | Note
-------+----------+-------------------------------------------
     0 | D:1      | IdlyInterested the Demonspawn Wanderer began the quest for
                  | the Orb.
     0 | D:1      | IdlyInterested set off with the following items: a +0
                  | vorpal dagger, 4 curare-tipped darts, a +0 pair of boots, a
                  | scroll of blinking, a +0 robe; and the following spell
                  | memorised: Necrotise; and the following spells available to
                  | memorise: Vampiric Draining.
     0 | D:1      | Reached XP level 1. HP: 15/15 MP: 3/3
    73 | D:1      | Discovered your monstrous ancestry.
    73 | D:1      | Gained mutation: You have large cloven feet. [demonic
                  | ancestry]
    73 | D:1      | Reached XP level 2. HP: 5/21 MP: 0/5
   869 | D:1      | Found a faded altar of an unknown god.
   924 | D:1      | Reached XP level 3. HP: 25/26 MP: 4/6
  1110 | D:1      | Reached skill level 1 in Short Blades
  1525 | D:2      | Noticed Natasha
  1535 | D:2      | Identified the +5 long sword "Conservator" {distort, rF-
                  | Str+5}
  1563 | D:2      | Slain by Natasha

Illustrated notes

Levels and vault maps discovered:
D:1:      noname_arrival_rooms_in_the_neighbourhood, layout_loops_ring,
          chequers_ecumenical_altar_island, minmay_tetromino_t4
D:2:      layout_basic, kennysheep_generic_room_6, uniq_natasha

Skill      XL: |  1  2  3 |
---------------+----------+-----
Throwing       | 3 |  3.0
Necromancy     | 3 |  3.1
Short Blades   | 1 |  1.1
Fighting       | |  1.6
Armour         | |  1.0
Dodging        | |  1.0
Stealth        | |  0.5
Spellcasting   | |  2.0

Action                   || total
-------------------------++-------
Melee: Dagger            ||   105
 Cast: Necrotise         ||    43
 Stab: Sleeping          ||     1
Armor: Robe              ||    30
Dodge: Dodged            ||    56

Table legend: (Time is in decaauts)
 A = Elapsed time spent in this place.
 B = Non-inter-level travel time spent in this place.
 C = Inter-level travel time spent in this place.
 D = Time resting spent in this place.
 E = Time spent auto-exploring this place.
 F = Levels seen in this place.
 G = Mean time per level.
                   A        B        C        D        E       F      G
               +--------+--------+--------+--------+--------+-----+--------+
         Total |   1563 |   1531 |     32 |    394 |    785 |   2 |  781.5 |
       Dungeon |   1563 |   1531 |     32 |    394 |    785 |   2 |  781.5 |
               +--------+--------+--------+--------+--------+-----+--------+

Top non-repeatable levels by time:
     D:1: 1460 daAuts
     D:2: 103 daAuts
